 Dungeon Crawl Stone Soup version 0.19.4 (webtiles) character file.

359 Kiturien the Chopper (level 6, -1/52 HPs)
             Began as a Hill Orc Fighter on Jan 30, 2017.
             Blown up by Ijyb (11 damage)
             ... with a wand of disintegration
             ... on level 3 of the Dungeon.
             The game lasted 00:09:33 (2765 turns).

Kiturien the Chopper (Hill Orc Fighter)             Turns: 2765, Time: 00:09:33

Health: -1/52      AC:  9    Str: 21    XL:     6   Next: 65%
Magic:  6/6        EV:  6    Int:  8    God:
Gold:   197        SH:  9    Dex: 10    Spells: 0 memorised, 5 levels left

rFire  . . .     SeeInvis .     a - +0 war axe
rCold  . . .     Gourm    .     t - +0 chain mail
rNeg   + . .     Faith    .     c - +0 shield
rPois  .         Spirit   .     (no helmet)
rElec  .         Reflect  .     (no cloak)
rCorr  .         Harm     .     (no gloves)
MR     .....                    (no boots)
Stlth  ..........               (no amulet)
                                (no ring)
                                o - ring of positive energy

@: no status effects
A: no striking features
a: no special abilities


You were on level 3 of the Dungeon.
You were very full.

You visited 1 branch of the dungeon, and saw 3 of its levels.

You collected 197 gold pieces.

Inventory:

Hand Weapons
 a - a +0 war axe (weapon)
Missiles
 m - a throwing net (quivered)
Armour
 b - a +0 scale mail
 c - a +0 shield (worn)
 t - a +0 chain mail (worn)
Jewellery
 e - an uncursed ring of ice
 o - a ring of positive energy (left hand)
Wands
 q - a wand of paralysis (9/24)
Scrolls
 g - 2 scrolls of remove curse
 k - a scroll of fog
 u - a scroll of amnesia {unknown}
Potions
 d - a potion of might
 i - a potion of degeneration {unknown}
 j - a potion of flight {unknown}
 l - a potion of curing {unknown}
 n - 2 potions of heal wounds
 p - a potion of brilliance {unknown}
 r - a potion of lignification {unknown}
 s - a potion of cure mutation {unknown}
Comestibles
 f - a bread ration
 h - a meat ration


   Skills:
 + Level 4.0 Fighting
 * Level 7.3 Axes
 + Level 3.8 Armour
 + Level 1.4 Dodging
 + Level 4.1 Shields
 * Level 0.1 Spellcasting


You had 5 spell levels left.
You didn't know any spells.

Dungeon Overview and Level Annotations

Branches:
Dungeon (3/15)

Altars:
Nemelex Xobeh
The Shining One

Annotations:
D:3 Ijyb


Message History

You closely miss Ijyb.
Ijyb is almost dead.
Ijyb zaps a wand.
You are blasted!
You barely miss Ijyb.
Ijyb is almost dead.
Ijyb hits you with a dagger. x2
Your shield and chain mail prevent you from hitting Ijyb.
Ijyb is almost dead.
Ijyb zaps a wand.
You barely resist. You hit Ijyb but do no damage.
Ijyb is almost dead.
Ijyb zaps a wand.
You are blasted!
* * * LOW HITPOINT WARNING * * *
You hit Ijyb but do no damage.
Ijyb is almost dead.
Ijyb hits you but does no damage. You block Ijyb's attack.
You hit Ijyb.
Ijyb is almost dead.
Ijyb zaps a wand.
You are blasted!
You die...

####.........#
#............#
#............##########
###...............†....(#
.........................
..####..........#.##.....
..# ##########.#.# ....
..# #g#+## ... ..##
#.@..# .. ...# #.(..# .
...############....#
..............+....#
......#########....#
......'....#........
......####.#.####....
......# #...# #....!
......# ##..# #.#


You could see Ijyb.

Vanquished Creatures
  The ghost of Kiturien the Sneak, an amateur SpEn (D:3)
  A hound (D:3)
  Natasha (thrice) (D:3)
  8 adders
  An ooze (D:2)
  2 worms
  6 leopard geckos
  2 ball pythons
  6 giant cockroaches
  8 goblins
  5 hobgoblins
  3 jackals (D:1)
  A quokka (D:3)
  7 bats
  5 frilled lizards
  7 kobolds
  14 rats
80 creatures vanquished.

Notes
Turn   | Place    | Note
-------+----------+-------------------------------------------
     0 | D:1      | Kiturien the Hill Orc Fighter began the quest for the Orb.
     0 | D:1      | Reached XP level 1. HP: 19/19 MP: 1/1
   221 | D:1      | Reached skill level 3 in Axes
   221 | D:1      | Reached XP level 2. HP: 26/27 MP: 2/2
   553 | D:1      | Reached XP level 3. HP: 26/33 MP: 3/3
   800 | D:2      | Reached skill level 1 in Dodging
   877 | D:2      | Reached skill level 4 in Axes
   996 | D:2      | Reached XP level 4. HP: 40/40 MP: 4/4
  1077 | D:2      | Found a glowing golden altar of the Shining One.
  1426 | D:3      | Noticed Natasha
  1435 | D:3      | Killed Natasha
  1435 | D:3      | Reached XP level 5. HP: 20/46 MP: 5/5
  1495 | D:3      | Noticed Kiturien's ghost (amateur SpEn)
  1537 | D:3      | HP: 1/46 [Kiturien's ghost (9)]
  2014 | D:3      | Found a sparkling altar of Nemelex Xobeh.
  2040 | D:3      | Reached skill level 5 in Axes
  2172 | D:3      | Noticed Natasha
  2178 | D:3      | Killed Natasha
  2295 | D:3      | Noticed Natasha
  2314 | D:3      | Killed Natasha
  2314 | D:3      | Reached skill level 6 in Axes
  2314 | D:3      | Reached XP level 6. HP: 21/52 MP: 6/6
  2530 | D:3      | Killed Kiturien's ghost
  2530 | D:3      | Reached skill level 7 in Axes
  2722 | D:3      | Noticed Ijyb
  2765 | D:3      | Blown up by Ijyb

Skill      XL: |  1  2  3  4  5  6 |
---------------+-------------------+-----
Axes           | 3 4 6 7 |  7.3
Dodging        | 1 |  1.4
Fighting       | 4 |  4.0
Shields        | 4 |  4.1
Armour         | |  3.8
Spellcasting   | |  0.1

Action                   |  1- 3 |  4- 6 || total
-------------------------+-------+-------++-------
Melee: War axe           |   116 |   222 ||   338
  Use: Scroll            |       |     2 ||     2
       Potion            |       |     1 ||     1
  Eat: Bread ration      |       |     2 ||     2
       Meat ration       |       |     1 ||     1
Armor: Scale mail        |    72 |    78 ||   150
       Chain mail        |       |    40 ||    40
Dodge: Dodged            |    57 |    70 ||   127
Block: Shield            |    92 |   120 ||   212
